AoeStats
← HOUNGOUNGAGNE

Arabia

509668764Analyzed
1v1 RM · 4d ago on Sep 27, 2026· 52m 35s· 2 players
Game mode
Random Map
Map size
Tiny (2 player)
Population
200
Speed
Normal
Resources
Standard
Victory
Conquest
Starting age
Dark Age
Ending age
Imperial Age
RankedLock teamsTeams togetherTeam positionsShared explorationLock speedFull tech treeHidden civsTurbo modeCheats
Victory
Defeat
🇺🇸 Bohemians · United States
1211
+17
🇦🇷 Koreans · Argentina
1234
-17
SirMark
10:34 Feudal Age
9:13 Loom
11:19 Loom
11:04 Man-at-Arms
19:44 Castle Age
18:26 Wheelbarrow
24:22 Fletching
26:07 Bodkin Arrow
29:06 Redemption
30:04 Sanctity
31:45 Pikeman
32:26 Squires
35:14 Town Watch
44:36 Imperial Age
42:26 Hand Cart
43:21 Town Patrol
43:44 Masonry
44:17 Arson
45:41 Chemistry
45:11 Scale Mail Armor
47:00 Chain Mail Armor
48:20 Wagenburg Tactics
47:58 Long Swordsman
49:24 Block Printing
49:36 Hussite Reforms
49:49 Fervor
49:27 Halberdier
49:31 Two-Handed Swordsman
50:51 Champion
HOUNGOUNGAGNE
10:06 Feudal Age
8:21 Loom
15:02 Castle Age
21:17 Fletching
36:54 Double-Bit Axe
37:15 Horse Collar
38:05 Squires
37:54 Arson
Connection lost

Rejoining the realm…

Still unreachable

The connection could not be restored.

Session expired

The server has moved on; the page needs a fresh start.